 Dungeon Crawl Stone Soup version 0.22.0-38-g04b72b8c25 (webtiles) character file.

2916 Peloso the Blocker (level 9, 0/78 HPs)
             Began as a Minotaur Fighter on Aug 29, 2018.
             Was a Follower of Okawaru.
             Slain by Erica
             ... wielding a +1 scimitar of flaming
              (2 damage)
             ... on level 8 of the Dungeon.
             The game lasted 00:14:29 (6137 turns).

Peloso the Blocker (Minotaur Fighter)               Turns: 6137, Time: 00:14:29

Health: 0/78       AC: 13    Str: 28    XL:     9   Next: 50%
Magic:  0/8        EV:  9    Int:  5    God:    Okawaru [*.....]
Gold:   411        SH: 12    Dex: 11    Spells: 8/8 levels left

rFire    . . .     SeeInvis .   a - +0 long sword
rCold    . . .     Gourm    .   c - +0 shield
rNeg     . . .     Faith    .   b - +0 shadow dragon scales
rPois    .         Spirit   +   (helmet restricted)
rElec    .         Reflect  .   w - scarf {Spirit}
rCorr    .         Harm     .   (no gloves)
MR       +....                  (no boots)
Stlth    +++.......             m - amulet of regeneration
HPRegen  0.63/turn              v - ring of wizardry
MPRegen  0.11/turn              n - ring of protection from magic

@: mighty, lethally poisoned (0 -> -9), slowed, very slow
A: retaliatory headbutt, horns 2
a: Heroism, Renounce Religion


You were on level 8 of the Dungeon.
You worshipped Okawaru.
Okawaru was aware of your devotion.
You were not hungry.

You visited 2 branches of the dungeon, and saw 9 of its levels.

You collected 411 gold pieces.

Inventory:

Hand Weapons
 a - a +0 long sword (weapon)
Armour
 b - +0 shadow dragon scales (worn)
 c - a +0 shield (worn)
 k - a +0 chain mail
 o - a +0 cloak
 w - a scarf of spirit shield (worn)
Jewellery
 m - an amulet of regeneration (around neck)
 n - a ring of protection from magic (right hand)
 q - an uncursed ring of ice
 v - a ring of wizardry (left hand)
 y - a +4 ring of intelligence {unknown}
Wands
 r - a wand of clouds (8)
 x - a wand of random effects (45)
 C - a wand of iceblast (10)
Scrolls
 h - 3 scrolls of teleportation
 i - a scroll of vulnerability {unknown}
 j - 4 scrolls of remove curse
 t - a scroll of magic mapping {unknown}
 B - a scroll of brand weapon {unknown}
Potions
 d - a potion of resistance
 e - 2 potions of flight
 g - a potion of mutation
 l - 3 potions of curing
 p - a potion of cancellation
 s - 3 potions of heal wounds {unknown}
 A - a potion of invisibility
Comestibles
 f - 6 rations
 u - a chunk of flesh


   Skills:
 + Level 6.4 Fighting
 + Level 8.5 Long Blades
 + Level 8.4 Armour
 + Level 3.3 Dodging
 + Level 2.2 Stealth
 + Level 9.2 Shields
 + Level 0.3 Evocations


You had 8 spell levels left.
You didn't know any spells.
Your spell library was empty.

Dungeon Overview and Level Annotations

Branches:
Dungeon (8/15)             Temple (1/1) D:4
   Lair: D:8-11

Altars:
Ashenzari
Cheibriados
Dithmenos
Elyvilon
Fedhas
Hepliaklqana
Kikubaaqudgha
Makhleb
Nemelex Xobeh
Okawaru
Qazlal
Sif Muna
Trog
Uskayaw
Vehumet
Wu Jian
Xom
Yredelemnul
Zin
The Shining One

Shops:
D:5 %

Annotations:
D:7 2 transporters
D:8 Erica


Innate Abilities, Weirdness & Mutations

You reflexively headbutt those who attack you in melee.
You have a pair of horns on your head.


Message History

An orb of energy appears from out of thin air!
The orb of energy hits you! You block the orc's attack.
Something hits you but does no damage.
Unknown command.
You closely miss something. You headbutt something!
You feel sick.
You hear some strange, mumbled words.
A bolt of poison appears from out of thin air!
The bolt of poison hits you!
You are more poisoned.
* * * LOW HITPOINT WARNING * * *
You block the orc's attack. Something hits you.
* * * LOW HITPOINT WARNING * * *
Something hits you but does no damage. The orc hits you but does no damage.
You closely miss something.
* * * LOW HITPOINT WARNING * * *
You feel very sick. Something completely misses you. Something hits you!
* * * LOW HITPOINT WARNING * * *
Something burns you.
You die...

.......# #. #....... ####
#.# #......# .... #.#
......# ..... #.# .....#
..... #.# #...# ......
..###########...####...###
................o{........
................@{o.#
..#####..##...#####.#
(######..##...# ...
.........###### .###
#........# o# #........#
.. .#.####..# .#
.#..###..# .. .........#


You could see 2 orcs.

Vanquished Creatures
  Harold (D:7)
  Eustachio (D:5)
  A hungry ghost (D:6)
  A water moccasin (D:5)
  An ice beast (D:7)
  A hornet zombie (D:7)
  2 centaurs (D:5)
  Blork the orc (D:4)
  4 bullfrogs
  4 scorpions
  4 killer bees (D:8)
  A howler monkey (D:5)
  A crimson imp (D:8)
  2 bullfrog zombies
  A quasit (D:2)
  A centaur zombie (D:8)
  3 hounds
  2 jellies (D:5)
  An orc priest (D:8)
  Crazy Yiuf (D:2)
  2 bullfrog skeletons
  3 worker ants
  An orc wizard (D:6)
  2 hound skeletons
  2 hound zombies
  10 adders
  2 adder zombies
  4 worms
  2 dart slugs
  4 leopard geckos
  10 orcs
  6 bats
  7 giant cockroaches
  5 goblins
  9 hobgoblins
  8 jackals
  4 quokkas
  A ball python (D:3)
  3 frilled lizards
  A giant cockroach zombie (D:6)
  4 kobolds
  8 rats
132 creatures vanquished.

Notes
Turn   | Place    | Note
-------+----------+-------------------------------------------
     0 | D:1      | Peloso the Minotaur Fighter began the quest for the Orb.
     0 | D:1      | Reached XP level 1. HP: 19/19 MP: 0/0
   168 | D:1      | Reached XP level 2. HP: 27/27 MP: 1/1
   436 | D:1      | Reached skill level 4 in Shields
   830 | D:2      | Reached XP level 3. HP: 11/33 MP: 2/2
   894 | D:2      | Found a basalt altar of Yredelemnul.
   919 | D:2      | Found a runed door.
  1066 | D:2      | Reached XP level 4. HP: 41/41 MP: 3/3
  1299 | D:2      | Reached skill level 1 in Dodging
  1574 | D:2      | Noticed Crazy Yiuf
  1581 | D:2      | Killed Crazy Yiuf
  1814 | D:3      | Found a deep blue altar of Sif Muna.
  1882 | D:3      | Reached XP level 5. HP: 47/47 MP: 4/4
  1889 | D:3      | Reached skill level 5 in Shields
  2331 | D:4      | Found a stormy altar of Qazlal.
  2338 | D:4      | Found a staircase to the Ecumenical Temple.
  2396 | Temple   | Entered the Ecumenical Temple
  2603 | D:4      | Found a bloodstained altar of Trog.
  3178 | D:4      | Noticed Blork the orc
  3193 | D:4      | Killed Blork the orc
  3193 | D:4      | Reached XP level 6. HP: 53/53 MP: 5/5
  3478 | D:5      | Entered Level 5 of the Dungeon
  3514 | D:5      | Reached skill level 6 in Shields
  3525 | D:5      | Noticed a water moccasin
  3539 | D:5      | Killed a water moccasin
  3539 | D:5      | Reached skill level 5 in Armour
  3557 | D:5      | Found a blossoming altar of Fedhas.
  3569 | D:5      | Reached skill level 5 in Long Blades
  3577 | D:5      | Reached XP level 7. HP: 47/60 MP: 3/6
  3748 | D:5      | Noticed Eustachio
  3790 | D:5      | Killed Eustachio
  3790 | D:5      | Reached skill level 5 in Fighting
  3790 | D:5      | Reached skill level 7 in Shields
  3862 | D:5      | Found Vathraom's Food Shop.
  4193 | D:6      | Reached XP level 8. HP: 68/68 MP: 7/7
  4606 | D:6      | Reached skill level 8 in Shields
  5028 | D:6      | Found an iron altar of Okawaru.
  5039 | D:6      | Became a worshipper of Warmaster Okawaru
  5211 | D:7      | Reached skill level 1 in Stealth
  5308 | D:7      | Found a shadowy altar of Dithmenos.
  5340 | D:7      | Found a transporter.
  5358 | D:7      | Found a transporter.
  5375 | D:7      | Noticed a kobold demonologist
  5630 | D:7      | Noticed Harold
  5641 | D:7      | Killed Harold
  5641 | D:7      | Reached * piety under Okawaru
  5641 | D:7      | Reached XP level 9. HP: 37/75 MP: 3/8
  5932 | D:8      | Reached skill level 9 in Shields
  5999 | D:8      | Found a shimmering altar of Xom.
  6113 | D:8      | Noticed Erica
  6137 | D:8      | HP: 2/78 [something (7)]
  6137 | D:8      | Slain by Erica

Skill      XL: |  1  2  3  4  5  6  7  8  9 |
---------------+----------------------------+-----
Fighting       | 4 5 6 |  6.4
Shields        | 4 5 6 7 8 9 |  9.2
Armour         | 4 5 8 |  8.4
Long Blades    | 3 4 5 6 8 |  8.5
Dodging        | 1 2 3 |  3.3
Stealth        | 1 2 |  2.2
Evocations     | |  0.3

Action                   |  1- 3 |  4- 6 |  7- 9 || total
-------------------------+-------+-------+-------++-------
Melee: Long sword        |   107 |   150 |   331 ||   588
       Headbutt          |     6 |    26 |    60 ||    92
Invok: Heroism           |       |       |     1 ||     1
Evoke: Wand              |       |       |     5 ||     5
  Use: Potion            |     1 |       |     1 ||     2
       Scroll            |       |       |     8 ||     8
 Stab: Sleeping          |       |       |     7 ||     7
  Eat: Chunk             |     1 |     8 |     6 ||    15
       Ration            |       |       |     6 ||     6
Armor: Scale mail        |   129 |    31 |       ||   160
       Shadow dragon sca |       |    45 |   202 ||   247
Dodge: Dodged            |    67 |    42 |    90 ||   199
Block: Shield            |   107 |    93 |   228 ||   428
       Rpst.: Long sword |     8 |    11 |    17 ||    36
